 Dungeon Crawl Stone Soup version 0.18.1-50-g88ac8fd (webtiles) character file.

3156 grisgris the Thaumaturge (level 9, -7/45 HPs)
             Began as a Deep Elf Summoner on Nov 10, 2016.
             Killed from afar by an orc wizard (11 damage)
             ... with a magic dart
             ... on level 8 of the Dungeon.
             The game lasted 01:11:47 (11630 turns).

grisgris the Thaumaturge (Deep Elf Summoner)       Turns: 11630, Time: 01:11:48

Health: -7/45      AC:  2    Str:  5    XL:     9   Next: 62%
Magic:  23/26      EV: 24    Int: 24    God:
Gold:   492        SH:  0    Dex: 20    Spells: 6 memorised, 10 levels left

rFire  . . .     SeeInvis .     j - +3 dagger (holy)
rCold  . . .     Gourm    .     a - +0 robe
rNeg   . . .     Faith    .     (no shield)
rPois  +         Spirit   .     (no helmet)
rElec  .         Dismiss  .     (no cloak)
rCorr  .         Reflect  .     (no gloves)
SustAt .         Harm     .     (no boots)
MR     .....                    (no amulet)
Stlth  +++.......               f - ring of poison resistance
                                d - +6 ring of evasion

@: agile, very slightly contaminated, not resistant to hostile enchantments,
fairly stealthy
A: no striking features
a: no special abilities


You were on level 8 of the Dungeon.
You were not hungry.

You visited 2 branches of the dungeon, and saw 9 of its levels.
You also visited: Ossuary.

You collected 492 gold pieces.

Inventory:

Hand Weapons
 j - a +3 dagger of holy wrath (weapon)
Armour
 a - a +0 robe (worn)
Jewellery
 d - a +6 ring of evasion (left hand)
 f - a ring of poison resistance (right hand)
 r - an uncursed ring of ice
Wands
 l - a wand of paralysis (14/24)
 t - a wand of digging (12/24)
Scrolls
 h - 3 scrolls of fear
 i - a scroll of blinking
 m - 6 scrolls of remove curse
 o - 4 scrolls of teleportation
 p - a scroll of identify
Potions
 e - 2 potions of haste
 g - 3 potions of agility
 k - 2 potions of berserk rage
 q - a potion of flight {unknown}
 s - a potion of cure mutation
 x - a potion of mutation {unknown}
Books
 b - a book of Callings

   Spells                             Type                      Level
   a - Summon Small Mammal            Summoning                    1
   b - Call Imp                       Summoning                    2
   c - Call Canine Familiar           Summoning                    3
   d - Summon Guardian Golem          Hexes/Summoning              3
   e - Summon Lightning Spire         Summoning/Air                4
   f - Summon Ice Beast               Ice/Summoning                4
 v - an Akashic Record

   Spells                             Type                      Level
   a - Dispersal                      Translocation                6
   b - Malign Gateway                 Summoning/Translocation      7
   c - Disjunction                    Translocation                8
   d - Controlled Blink               Translocation                8
Comestibles
 c - 3 bread rations
 n - a royal jelly
 u - a meat ration


   Skills:
 - Level 2.4 Dodging
 - Level 2.4 Stealth
 * Level 11.0 Spellcasting
 - Level 3.6 Hexes
 * Level 9.1 Summonings
 * Level 6.2 Translocations
 + Level 4.2 Air Magic


You had 10 spell levels left.
You knew the following spells:

 Your Spells              Type           Power        Failure   Level  Hunger
a - Summon Small Mammal   Summ           ####         1%          1    None
b - Call Imp              Summ           ######..     1%          2    None
c - Call Canine Familiar  Summ           ######..     1%          3    None
d - Summon Guardian Gole  Hex/Summ       #####...     1%          3    None
e - Summon Lightning Spi  Summ/Air       #####...     3%          4    None
f - Malign Gateway        Summ/Tloc      ######....   99%         7    #######


Dungeon Overview and Level Annotations

Branches:
Dungeon (8/15)             Temple (1/1) D:4
   Lair: D:8-11

Altars:
Ashenzari
Cheibriados
Dithmenos
Elyvilon
Fedhas
Gozag
Kikubaaqudgha
Makhleb
Nemelex Xobeh
Okawaru
Pakellas
Qazlal
Ru
Sif Muna
Trog
Vehumet
Xom
Yredelemnul
Zin
The Shining One
Beogh
Lugonu


Message History

Something hits your crimson imp but does no damage.
Something bites your crimson imp but does no damage.
Your warg closely misses the orc wizard.
The orc wizard closely misses your warg.
Casting: Call Canine Familiar
Confirm with . or Enter, or press ? or * to list all spells.
What do you say? t - Shout!
Orders for allies: a - Attack new target. r - Retreat! s - Stop attacking. w - Wait here. f - Follow me.
Anything else - Stay silent.
Gang up on whom?
Press: ? - help, Dir - move target cursor, f - orc wizard
Aim: an orc wizard, wielding a dagger and wearing a robe Attack!
Your wolf barely misses the orc wizard.
The orc wizard casts a spell at you. The magic dart hits you!
You die...

#........5.._..)...#.#.###..
#..########y..###....#.# ###
##.## #[...#.# #.# #....#.##
#.####.......#### ##
##..†...o..o......
#.##.##..###hh5.####.###
#.......####....##.....#
#.#.@##.o<.#.#....... #
#..##.#.#..#.......
#.ho..#.#......_...
##......#..#.......
########..#.......
#..##.)...# #..####.###
#.......... ##.......##


You could see an orc wizard and a friendly wolf.

Vanquished Creatures
  The ghost of jombi the Thaumaturge, a novice DEFE (D:6)
  A crimson imp (D:8)
  An orc priest (D:3)
  A centaur skeleton (D:4)
  2 giant geckos
  3 orcs
  A hobgoblin (D:2)
  A quokka (D:2)
  3 giant newts
  A goblin (D:2)
  A hobgoblin zombie (Ossuary)
  2 orc zombies (Ossuary)
  4 rats
22 creatures vanquished.

Vanquished Creatures (collateral kills)
  Erolcha (D:8)
  Erica (D:8)
  A hungry ghost (D:7)
  A hippogriff (D:7)
  An ice beast (D:8)
  3 sky beasts
  2 ogres
  6 centaurs
  A big kobold (D:8)
  2 giant frogs
  2 water moccasin zombies (Ossuary)
  5 scorpions
  10 killer bees
  5 wights (D:8)
  A howler monkey (D:6)
  2 crimson imps
  3 hounds
  2 centaur zombies
  A giant frog zombie (D:5)
  An orc priest (D:5)
  2 jellies (D:8)
  6 orc wizards
  A centaur skeleton (D:6)
  9 iguanas
  9 worker ants
  3 big kobold zombies (Ossuary)
  2 mummies (Ossuary)
  3 hound zombies
  A hound skeleton (D:5)
  A howler monkey zombie (D:5)
  A worker ant zombie (D:8)
  A howler monkey skeleton (D:4)
  10 adders
  15 gnolls
  3 shadow imps (D:5)
  An ooze (D:1)
  2 adder zombies (Ossuary)
  An adder skeleton (D:5)
  5 worms
  6 dart slugs
  2 giant geckos
  28 orcs
  5 bats
  6 giant cockroaches
  8 goblins
  6 hobgoblins
  6 jackals
  6 quokkas
  A ball python (D:4)
  A giant gecko skeleton (D:6)
  4 giant newts
  3 hobgoblin zombies (Ossuary)
  9 kobolds
  4 kobold zombies (Ossuary)
  6 orc zombies (Ossuary)
  A quokka skeleton (D:5)
  6 rats
235 creatures vanquished.

Vanquished Creatures (others)
  2 fungi (D:4)
2 creatures vanquished.

Grand Total: 259 creatures vanquished

Notes
Turn   | Place    | Note
--------------------------------------------------------------
     0 | D:1      | grisgris the Deep Elf Summoner began the quest for the Orb.
     0 | D:1      | Reached XP level 1. HP: 10/10 MP: 6/6
   352 | D:1      | Reached XP level 2. HP: 15/15 MP: 3/8
   356 | D:1      | Learned a level 2 spell: Call Imp
  1021 | D:2      | Reached skill level 4 in Spellcasting
  1257 | D:2      | Reached XP level 3. HP: 19/19 MP: 4/10
  1262 | D:2      | Learned a level 3 spell: Call Canine Familiar
  1526 | D:2      | Reached skill level 5 in Summonings
  1729 | D:2      | Learned a level 3 spell: Summon Guardian Golem
  1785 | D:2      | Noticed a moth of wrath
  1787 | D:2      | Found a bloodstained altar of Trog.
  2174 | D:2      | Reached skill level 1 in Hexes
  2313 | D:3      | Reached XP level 4. HP: 24/24 MP: 1/12
  2424 | D:3      | Found a faded altar to an unknown god.
  2509 | D:3      | Noticed a centaur
  2517 | D:3      | Killed a centaur
  2517 | D:3      | Reached skill level 5 in Spellcasting
  2740 | D:3      | Found a radiant altar of Vehumet.
  2859 | D:3      | Found a bloodstained altar of Trog.
  2958 | D:3      | Found a roughly hewn altar of Beogh.
  2968 | D:3      | Reached XP level 5. HP: 28/28 MP: 9/14
  3325 | D:4      | Found a blossoming altar of Fedhas.
  3339 | D:4      | Found a stormy altar of Qazlal.
  3443 | D:4      | Reached skill level 6 in Spellcasting
  3704 | D:4      | Found a staircase to the Ecumenical Temple.
  3710 | Temple   | Entered the Ecumenical Temple
  3814 | D:4      | Found a sand-covered staircase.
  3869 | Ossuary  | Entered an ossuary
  4327 | Ossuary  | Reached XP level 6. HP: 24/32 MP: 4/17
  4844 | Ossuary  | Learned a level 4 spell: Summon Lightning Spire
  5968 | D:4      | Reached skill level 1 in Air Magic
  6080 | D:4      | Reached skill level 7 in Spellcasting
  6299 | D:5      | Entered Level 5 of the Dungeon
  6522 | D:5      | Found an oddly glowing altar of Pakellas.
  6562 | D:5      | Reached XP level 7. HP: 29/36 MP: 10/20
  7430 | D:5      | Reached skill level 8 in Spellcasting
  7946 | D:6      | Learned a level 7 spell: Malign Gateway
  8069 | D:6      | Reached skill level 1 in Translocations
  8141 | D:6      | Noticed jombi's ghost (novice DEFE)
  8206 | D:6      | Killed jombi's ghost
  8206 | D:6      | Reached skill level 9 in Spellcasting
  8206 | D:6      | Reached XP level 8. HP: 41/41 MP: 4/23
  8390 | D:6      | Found a sacrificial altar of Ru.
  9692 | D:7      | Found a shattered altar of Ashenzari.
  9882 | D:7      | Found a basalt altar of Yredelemnul.
 10131 | D:7      | Found a white marble altar of Elyvilon.
 10164 | D:7      | Found a deep blue altar of Sif Muna.
 10284 | D:7      | Reached skill level 10 in Spellcasting
 10749 | D:8      | Reached XP level 9. HP: 45/45 MP: 25/25
 10980 | D:8      | Found a burning altar of Makhleb.
 10988 | D:8      | Reached skill level 5 in Translocations
 11077 | D:8      | Found a glowing silver altar of Zin.
 11184 | D:8      | Noticed Erica
 11191 | D:8      | Killed Erica
 11199 | D:8      | Noticed Erolcha
 11210 | D:8      | Killed Erolcha
 11487 | D:8      | Found a glowing golden altar of the Shining One.
 11487 | D:8      | Found an ancient bone altar of Kikubaaqudgha.
 11488 | D:8      | Found a snail-covered altar of Cheibriados.
 11567 | D:8      | Reached skill level 11 in Spellcasting
 11630 | D:8      | Killed from afar by an orc wizard

Skill      XL: |  1  2  3  4  5  6  7  8  9 |
---------------+----------------------------+-----
Spellcasting   | 4 5 6 7 9 10 11 | 11.0
Summonings     | 5 6 8 9 |  9.1
Hexes          | 1 2 3 |  3.6
Air Magic      | 1 2 3 4 |  4.2
Translocations | 2 4 6 |  6.2
Dodging        | |  2.4
Stealth        | |  2.4

Action                   |  1- 3 |  4- 6 |  7- 9 || total
-------------------------+-------+-------+-------++-------
Melee: Unarmed           |     6 |       |       ||     6
       Dagger            |    31 |    41 |    40 ||   112
 Cast: Summon Small Mamm |    37 |    43 |    18 ||    98
       Call Imp          |    36 |   106 |   110 ||   252
       Call Canine Famil |       |    21 |    30 ||    51
       Summon Guardian G |       |     4 |     7 ||    11
       Summon Lightning  |       |     2 |    13 ||    15
  Use: Scroll            |    11 |     7 |     4 ||    22
       Potion            |       |     6 |     8 ||    14
 Stab: Sleeping          |     2 |     4 |     5 ||    11
       Distracted        |       |     1 |     3 ||     4
  Eat: Chunk             |     5 |     4 |     3 ||    12
       Meat ration       |       |     2 |       ||     2
       Pizza             |       |     1 |     1 ||     2
       Bread ration      |       |       |     2 ||     2
       Beef jerky        |       |       |     1 ||     1
Armor: Robe              |     6 |     6 |     1 ||    13
Dodge: Dodged            |    37 |    71 |   107 ||   215
